 Dungeon Crawl Stone Soup version 0.28-b1-25-g9875b3fc8c (webtiles) character file.

Game seed: 9968536815416943928

55 mcbry74 the Chiller (level 3, 0/24 HPs)
             Began as a Merfolk Ice Elementalist on Feb 5, 2022.
             Killed by divine providence
             ... invoked by an orc priest
              (15 damage)
             ... on level 2 of the Dungeon.
             The game lasted 00:17:03 (1870 turns).

mcbry74 the Chiller (Merfolk Ice Elementalist)      Turns: 1870, Time: 00:17:04

Health: 0/24       AC:  9    Str:  8    XL:     3   Next: 93%
Magic:  1/7        EV: 12    Int: 16    God:
Gold:   58         SH:  0    Dex: 14    Spells: 0/7 levels left

rFire   x . .      SeeInvis .   (no weapon)
rCold   + . .      Faith    .   (no shield)
rNeg    . . .      Spirit   .   a - +0 robe
rPois   .          Reflect  .   (no helmet)
rElec   .          Harm     .   (no cloak)
rCorr   .          Rampage  .   (no gloves)
Will    .....                   (no boots)
Stlth   ++........              (no amulet)
HPRegen 0.08/turn               e - ring of ice
MPRegen 0.10/turn               j - +4 ring of slaying

@: ice-armoured, freezing walls
A: (nimble swimmer 2), mertail
a: no special abilities


You were on level 2 of the Dungeon.
You visited 1 branch of the dungeon, and saw 2 of its levels.

You collected 58 gold pieces.

Inventory:

Missiles
 c - 25 stones
Armour
 a - a +0 robe (worn)
 g - an orb of guile
Jewellery
 e - a ring of ice (left hand)
 f - a ring of ice
 j - a +4 ring of slaying (right hand)
Scrolls
 h - 4 scrolls of identify {unknown}
 k - a scroll of magic mapping {unknown}
 l - 2 scrolls of noise {unknown}
Potions
 b - a potion of haste {unknown}
 d - a potion of lignification {unknown}
 i - a potion of brilliance {unknown}
 m - a potion of curing {unknown}


   Skills:
 - Level 2.6 Dodging
 - Level 2.1 Stealth
 + Level 2.7 Spellcasting
 + Level 5.4 Ice Magic


You couldn't memorise any spells.
You knew the following spells:

 Your Spells              Type           Power      Damage    Failure   Level
a - Freeze                Ice            100%       1d11      1%          1
b - Frozen Ramparts       Ice            58%        1d7       6%          3
c - Ozocubu's Armour      Ice            29%        N/A       6%          3

Your spell library contained the following spells:

 Spells                   Type           Power      Damage    Failure   Level
 Slow                     Hex            8%         N/A       19%         1
 Confusing Touch          Hex            2%         N/A       50%         3
 Vampiric Draining        Necr           2%         2d6       50%         3
 Hailstorm                Conj/Ice       16%        3d6       52%         4


Dungeon Overview and Level Annotations

Branches:
Dungeon (2/15)

Altars:

Shops:
D:2 :


Innate Abilities, Weirdness & Mutations

((You are very nimble when in or above water. (Stealth+, EV+, Speed+++)))
Your lower body shifts to a powerful aquatic tail in water.


Message History

The orc priest shouts!
The orc shouts!
The ball python hisses angrily.
Casting: Freeze (safe; 1% risk of failure)
Confirm with . or Enter, or press ? or * to list all spells.
The spell is quite dangerous to miscast (6% risk of failure)!
Continue anyway?
Okay, then.
Casting: Frozen Ramparts (quite dangerous; 6% risk of failure)
Confirm with . or Enter, or press ? or * to list all spells.
The spell is quite dangerous to miscast (6% risk of failure)!
Continue anyway?
Okay, then.
Casting: Frozen Ramparts (quite dangerous; 6% risk of failure)
Confirm with . or Enter, or press ? or * to list all spells.
The spell is quite dangerous to miscast (6% risk of failure)!
Continue anyway?
Casting: Frozen Ramparts (quite dangerous; 6% risk of failure)
Press: ? - help, Dir - look around, f - activate You feel a surge of power!
The walls around you are covered in ice.
The orc shouts!
Casting: Frozen Ramparts (quite dangerous; 6% risk of failure)
Confirm with . or Enter, or press ? or * to list all spells.
The spell is quite dangerous to miscast (6% risk of failure)!
Continue anyway? [Y]es or [N]o only, please.
The spell is quite dangerous to miscast (6% risk of failure)!
Continue anyway?
Okay, then.
Casting: Ozocubu's Armour (quite dangerous; 6% risk of failure)
Confirm with . or Enter, or press ? or * to list all spells.
The spell is quite dangerous to miscast (6% risk of failure)!
Continue anyway?
Okay, then.
Casting: Ozocubu's Armour (quite dangerous; 6% risk of failure)
Confirm with . or Enter, or press ? or * to list all spells.
The spell is quite dangerous to miscast (6% risk of failure)!
Continue anyway?
You feel a surge of power! A film of ice covers your body!
The orc priest mumbles some strange prayers to Beogh against you.
Beogh smites you!
The wall freezes the ball python.
You kill the ball python!
The wall freezes the orc priest.
The orc priest mumbles some strange prayers to Beogh against you.
Beogh smites you!
Ouch! That really hurt!
You die...

#.....# #####..... #
.$........ #
........o #
.......oo #
........# #
........######## #
.......@........ #
#######......... #
###......... #
#.'......... ##
#.#......... #.
#.#......... #.
#.########## #. #.#
#.
#.#################.


You could see an orc priest and 2 orcs.

Vanquished Creatures
  2 dart slugs (D:1)
  4 ball pythons
  6 endoplasms
  4 giant cockroaches
  8 hobgoblins
  A jackal (D:2)
  2 quokkas
  5 bats (D:1)
  3 frilled lizards
  2 goblins (D:2)
  5 kobolds
  4 rats (D:1)
46 creatures vanquished.

Notes
Turn   | Place    | Note
-------+----------+-------------------------------------------
     0 | D:1      | mcbry74 the Merfolk Ice Elementalist began the quest for
                  | the Orb.
     0 | D:1      | Reached XP level 1. HP: 13/13 MP: 3/3
   130 | D:1      | Reached XP level 2. HP: 16/19 MP: 0/5
   254 | D:1      | Reached skill level 5 in Ice Magic
   626 | D:1      | Reached XP level 3. HP: 24/24 MP: 2/6
   816 | D:1      | Learned a level 3 spell: Frozen Ramparts
  1293 | D:1      | Learned a level 3 spell: Ozocubu's Armour
  1455 | D:2      | Found Ahigaciq's Book Shoppe.
  1870 | D:2      | Killed from afar by an orc priest

Illustrated notes

Levels and vault maps discovered:
D:1:      beargit_arrival_greenhouse, layout_rooms
D:2:      wad_crossroads, layout_basic, serial_shops,
          nicolae_shop_hallway_stairs, kennysheep_generic_room_9

Skill      XL: |  1  2 |
---------------+-------+-----
Ice Magic      | 5 |  5.4
Dodging        | |  2.6
Stealth        | |  2.1
Spellcasting   | |  2.7

Action                   || total
-------------------------++-------
Melee: Unarmed           ||     8
       Punch             ||     1
 Cast: Freeze            ||    64
       Frozen Ramparts   ||     2
       Ozocubu's Armour  ||     1
Armor: Robe              ||    13
Dodge: Dodged            ||    48
